Description

The build order is a proxy double robo. Be careful, timings are really precise and the build order isn't that easy to execute.

VOD

https://youtu.be/rfG1wzaZaSI

Replay - BabyMarine v llllllllllll - Oxyde EC

Build Order

Get SALT Encoding   

  12  0:01  Probe  
  13  0:13  Probe  
  14  0:18  Pylon  
  14  0:25  Probe (Chrono Boost)  
  15  0:31  Pylon  
  15  0:37  Probe (Chrono Boost)  
  16  0:46  Probe (Chrono Boost)  
  17  0:50  Gateway  
  17  0:53  Probe  
  18  0:59  Assimilator  
  18  1:06  Probe  
  18  1:07  Assimilator  
  19  1:18  Probe  
  20  1:30  Probe  
  21  1:34  Assimilator  
  21  1:35  Zealot (Chrono Boost)  
  21  1:38  Cybernetics Core  
  23  1:41  Pylon  
  23  1:44  Probe  
  24  1:54  Zealot  
  26  2:21  Stalker  
  26  2:22  Robotics Facility  
  28  2:28  Robotics Facility  
  26  2:50  Stalker  
  28  2:53  Pylon  
  28  3:14  Immortal (Chrono Boost)  
  28  3:15  Warp Prism (Chrono Boost)  
  28  3:16  Shield Battery  
  34  3:25  Shield Battery x2  
  34  3:44  Immortal  
  38  3:54  Pylon  
Spawning Tool Build Advisor. Get it on Overwolf

Go to:

Details

  • Created by: zuka      
  • Published on: Aug 06, 2021
  • Modified on: Aug 07, 2021
  • Patch: 4.11.0
  • Difficulty: Hard
Show
View Real Time Build Order
Export as new Build Order

Comments (0)

There are no comments. Be the first!

Create an account to comment!